Cogmind - Beta 13 @@@ ROGUE MODE // 2024.04.25 @ 22:26:58 Player: Cwaftwer Result: Destroyed by H-55 Commando with Gauss Rifle Performance ------------- Evolutions (0) 0 Regions Visited (4) 800 Robots Destroyed (37) 185 Value Destroyed (966) 966 Prototype IDs (2) 40 Alien Tech Used (0) 0 Bonus (100) 100 TOTAL SCORE: 2091 Bonus ------- Follower Combat Kills 100 Cogmind --------- Core Integrity 0/250 Matter 292/300 Energy 160/160 System Corruption 0% Temperature Cool (14) Movement Treading (250) Ox1 Location -9/Recycling Parts ------- > --- POWER (1) -------- Light Nuclear Core > --- PROPULSION (2) --- Improved Treads Spiked Treads > --- UTILITY (2) ------ High-capacity Storage Unit Signal Interpreter > --- WEAPON (2) ------- Assault Rifle Battle Cannon > --- INVENTORY (20) --- Spiked Treads Spiked Treads Subdweller Monowheel Flight Unit Flight Unit Scrap Engine Heat Sink Improved Heat Sink Improved Heat Sink Large Battery (200) High-capacity Matter Pod (200) Visual Processing Unit Signal Interpreter Signal Interpreter Light Armor Plating Barrage Gun Light Cannon Improved Light Cannon Mining Claw Peak State ------------ > --- POWER ------------ Light Nuclear Core > --- PROPULSION ------- Spiked Treads Spiked Treads > --- UTILITY ---------- High-capacity Storage Unit Signal Interpreter > --- WEAPON ----------- Assault Rifle Battle Cannon > --- INVENTORY -------- Spiked Treads Subdweller Monowheel Flight Unit Flight Unit Scrap Engine Heat Sink Improved Heat Sink Improved Heat Sink Large Battery Large Matter Pod Weight Redist. System Visual Processing Unit Signal Interpreter Signal Interpreter Light Armor Plating Barrage Gun Mining Claw [Rating: 16] Favorites ----------- Power Ion Engine Engine Ion Engine Power Core Light Nuclear Core Propulsion Light Treads Treads Light Treads Utility High-capacity Storage Unit Device Seismic Detector Storage High-capacity Storage Unit Processor Signal Interpreter Weapon Assault Rifle Ballistic Gun Assault Rifle Ballistic Cannon Battle Cannon Build | -11 -10 -10 -10 -9 ------- Run | Yrd Mat Min Sub Rec Slots Evolved . | . . . . . Power . | . . . . . Propulsion . | . . . . . Utility . | . . . . . Weapon . | . . . . . Parts Attached 29 | 7 5 6 9 2 Power 6 | 1 . 1 3 1 Engine 5 | 1 . 1 3 . Core 1 | . . . . 1 Reactor . | . . . . . Propulsion 9 | 2 1 2 3 1 Treads 9 | 2 1 2 3 1 Leg . | . . . . . Wheel . | . . . . . Hover . | . . . . . Flight . | . . . . . Utility 7 | 2 3 2 . . Device 2 | 1 . 1 . . Storage 4 | 1 3 . . . Processor 1 | . . 1 . . Hackware . | . . . . . Protection . | . . . . . Artifact . | . . . . . Weapon 7 | 2 1 1 3 . Energy Gun . | . . . . . Energy Cannon . | . . . . . Ballistic Gun 5 | 2 1 1 1 . Ballistic Cannon 2 | . . . 2 . Launcher . | . . . . . Special Weapon . | . . . . . Impact Weapon . | . . . . . Slashing Weapon . | . . . . . Piercing Weapon . | . . . . . Special Melee Weapon . | . . . . . Unidentified Prototypes . | . . . . . Parts Lost 8 | . . 5 3 . Power 3 | . . 1 2 . Propulsion 2 | . . 2 . . Utility 1 | . . 1 . . Weapon 2 | . . 1 1 . Highest Loss Streak 3 | . . 3 2 . To Critical Strikes . | . . . . . Average Slot Usage (%) 97 | . 99 92 98 100 Engine 12 | . 14 14 12 . Core 1 | . . . . 14 Treads 27 | . 27 27 28 28 Device 2 | . 14 1 . . Storage 14 | . 14 14 14 14 Processor 11 | . . 12 14 14 Ballistic Gun 16 | . 27 21 10 14 Ballistic Cannon 10 | . . . 17 14 Naked Turns . | . . . . . Heaviest Build 51 | 15 50 50 51 50 Greatest Support 46 | 40 40 46 40 43 Greatest Overweight (x) 15 | 1 1 15 1 1 Average Overweight (x) . | . . 1 1 1 Largest Inventory Capacity 25 | 8 25 20 20 20 Average Capacity 19 | 7 16 20 20 20 Most Carried 20 | 2 17 19 20 20 Average Carried 16 | . 11 16 17 19 Final Capacity 20 | 8 20 20 20 20 Final Carried 20 | . 17 16 17 20 Class Distribution -------------------- 100% | Mutant Dominant Class ---------------- Mutant | -10/Materials Mutant | -10/Mines Mutant | -10/Subcaves Mutant | -9/Recycling Resources | -11 -10 -10 -10 -9 ----------- Run | Yrd Mat Min Sub Rec Matter Collected 1502 | 266 448 146 398 244 Remotely . | . . . . . Salvage Created 1218 | 13 604 237 245 119 Parts 75 | 2 39 10 18 6 Haulers Intercepted 1 | . 1 . . . Recyclers Shooed . | . . . . . Parts Field Recycled . | . . . . . Retrieved Matter . | . . . . . Parts Self-Destructed 11 | . . . 11 . Prevented . | . . . . . Kills | -11 -10 -10 -10 -9 ------- Run | Yrd Mat Min Sub Rec Combat Hostiles Destroyed 30 | . 13 7 9 1 Guns 25 | . 13 7 4 1 Cannons 5 | . . . 5 . Classes Destroyed 8 | 1 6 . 1 . Tunneler 1 | 1 . . . . Hauler 1 | . 1 . . . Recycler 2 | . 1 . . 1 Operator 1 | . 1 . . . Watcher 2 | . 2 . . . Swarmer 9 | . 6 3 . . Grunt 12 | . 7 4 . 1 Subdweller 9 | . . . 9 . Best Kill Streak 6 | 1 6 3 2 1 Combat Bots Only 6 | . 6 3 2 1 Max Kills in Single Turn 2 | 1 2 1 1 1 Gunslinging 1 | . 1 . . . Exploded . | . . . . . Melee . | . . . . . Uniques/NPCs Destroyed . | . . . . . Combat | -11 -10 -10 -10 -9 -------- Run | Yrd Mat Min Sub Rec Hostile Shots Fired 193 | . 59 64 60 10 Missed 69 | . 25 14 27 3 Damage Taken 1682 | . 343 542 698 99 Core 255 | . 51 61 120 23 Absorbed by Shields . | . . . . . Regen/Repaired (Parts) 169 | . 169 . . . Core Remaining (%) 100 | 100 . . . . Volleys Fired 125 | 1 48 32 40 4 Largest 2 | 2 2 2 2 2 Hottest 74 | 40 40 40 74 59 Shots Fired 221 | 2 96 37 78 8 Gun 157 | 2 96 37 18 4 Cannon 64 | . . . 60 4 Launcher . | . . . . . Special . | . . . . . Kinetic 221 | 2 96 37 78 8 Thermal . | . . . . . Explosive . | . . . . . Electromagnetic . | . . . . . Robot Hit Streak 19 | 1 7 11 19 4 Robot Miss Streak 3 | . 3 2 3 1 Penetration Max . | . . . . . Secondary Targets 3 | . 3 . . . Max Gunslinging Chain 1 | . 1 . . . Shots Hit Robots 153 | 1 62 29 57 4 Core Hits 61 | 1 29 11 17 3 Critical Kills . | . . . . . Critical Parts Destroyed 1 | . . 1 . . Critical Strikes 2 | . . 1 1 . Destroy 1 | . . 1 . . Blast 1 | . . . 1 . Melee Attacks . | . . . . . Impact . | . . . . . Slashing . | . . . . . Piercing . | . . . . . Sneak Attacks . | . . . . . Combat Hostiles . | . . . . . Follow-up Attacks . | . . . . . Damage Inflicted 2211 | 11 795 380 968 57 Guns 1428 | 11 795 380 210 32 Cannons 783 | . . . 758 25 Explosions . | . . . . . Melee . | . . . . . Ramming . | . . . . . Kinetic 2211 | 11 795 380 968 57 Thermal . | . . . . . Explosive . | . . . . . Electromagnetic . | . . . . . Impact . | . . . . . Slashing . | . . . . . Piercing . | . . . . . Highest Corruption . | . . . . . Average Corruption . | . . . . . Corruption Purged . | . . . . . Corruption Blocked . | . . . . . Overload Shots . | . . . . . Overflow Damage . | . . . . . Projectiles . | . . . . . Explosions . | . . . . . Melee . | . . . . . Knockbacks 5 | . . . 5 . Impact . | . . . . . Kinetic 5 | . . . 5 . Secondary . | . . . . . Self-Inflicted Damage . | . . . . . Shots . | . . . . . Rammed . | . . . . . Targets Rammed . | . . . . . Kicked . | . . . . . Crushed . | . . . . . Highest Temperature 27 | . 2 27 . 8 Average Temperature 7 | . 2 12 . 3 Received Heat Transfer 444 | . 120 249 57 18 Siege Activations . | . . . . . Robots Corrupted . | . . . . . Combat Hostiles . | . . . . . Parts Fried . | . . . . . Impact Corruptions . | . . . . . Robots Melted . | . . . . . Combat Hostiles . | . . . . . Parts Melted . | . . . . . Heat Transferred . | . . . . . Parts Sabotaged . | . . . . . Parts Stolen . | . . . . . Parts Stripped . | . . . . . Power Chain Reactions . | . . . . . Alert | -11 -10 -10 -10 -9 ------- Run | Yrd Mat Min Sub Rec Peak Influence 272 | 5 272 100 . 31 Initial 5 | . 3 5 . . Average 34 | . 70 13 . 12 Maximum Alert Level 1 | . 1 . . . Low Security (%) 98 | 100 96 100 . 100 Level 1 1 | . 3 . . . Level 2 . | . . . . . Level 3 . | . . . . . Level 4 . | . . . . . Level 5 . | . . . . . High Security . | . . . . . Max Security . | . . . . . Squads Dispatched 2 | . 2 . . . Investigation . | . . . . . Extermination . | . . . . . Reinforcement 2 | . 2 . . . Assault . | . . . . . Garrison . | . . . . . Intercept . | . . . . . Searches Triggered . | . . . . . Construction Impeded . | . . . . . Haulers Reinforced . | . . . . . Active Scanning Responses . | . . . . . Cargo Convoy Interrupts . | . . . . . Stealth | -11 -10 -10 -10 -9 --------- Run | Yrd Mat Min Sub Rec Distress Signals . | . . . . . Communications Jammed . | . . . . . Distress Signals . | . . . . . Times Spotted 77 | . 25 7 41 4 Peak Tracking Total 6 | . 3 3 6 3 Tactical Retreats 1 | . . . 1 . Traps | -11 -10 -10 -10 -9 ------- Run | Yrd Mat Min Sub Rec Traps Triggered 1 | . . . 1 . Indirectly . | . . . . . Trap Hack Attempts . | . . . . . Triggered . | . . . . . Disarmed . | . . . . . Reprogrammed . | . . . . . Reused . | . . . . . Traps Extracted . | . . . . . Installed . | . . . . . Triggered 1 | . . . 1 . Machines | -11 -10 -10 -10 -9 ---------- Run | Yrd Mat Min Sub Rec Machines Disabled . | . . . . . Max in Single Turn . | . . . . . Machines Repaired . | . . . . . Machines Dismantled . | . . . . . Machines Sabotaged . | . . . . . Overloaded Fab Kills . | . . . . . Hacking | -11 -10 -10 -10 -9 --------- Run | Yrd Mat Min Sub Rec Machines Accessed 13 | . 7 . 1 5 Terminals 7 | . 5 . . 2 Fabricators . | . . . . . Repair Stations 1 | . 1 . . . Recycling Units 4 | . 1 . . 3 Scanalyzers . | . . . . . Garrison Access . | . . . . . Total Hacks 35 | . 26 . 1 8 Successful 21 | . 14 . 1 6 Failed 14 | . 12 . . 2 Catastrophic 1 | . . . . 1 Database Lockouts . | . . . . . Manual . | . . . . . Terminals 17 | . 13 . . 4 Fabricators . | . . . . . Repair Stations 10 | . 10 . . . Recycling Units 7 | . 3 . . 4 Scanalyzers . | . . . . . Garrison Access . | . . . . . Terminal Hacks 11 | . 8 . 1 2 Record 1 | . . . 1 . Robot Schematic 1 | . . . . 1 Robot Analysis 2 | . 1 . . 1 Prototype ID Bank 1 | . 1 . . . Branch Access Points 1 | . 1 . . . Alert Level 2 | . 2 . . . Locate Traps 2 | . 2 . . . Zone Layout 1 | . 1 . . . Fabricator Hacks . | . . . . . Repair Station Hacks 5 | . 5 . . . Scan Component 3 | . 3 . . . Repair 2 | . 2 . . . Recycling Unit Hacks 5 | . 1 . . 4 Report Inventory 3 | . . . . 3 Retrieve Components 2 | . 1 . . 1 Scanalyzer . | . . . . . Garrison Access Hacks . | . . . . . Unauthorized Hacks . | . . . . . Terminals . | . . . . . Fabricators . | . . . . . Repair Stations . | . . . . . Recycling Units . | . . . . . Scanalyzers . | . . . . . Garrison Access . | . . . . . Data Cores Recovered . | . . . . . Used . | . . . . . Hacking Detections 9 | . 6 . . 3 Full Trace Events 1 | . . . . 1 Feedback Events . | . . . . . Feedback Blocked . | . . . . . Robot Schematics Acquired 1 | . . . . 1 Robots Built . | . . . . . Authchips . | . . . . . Time . | . . . . . Total Robot Build Rating . | . . . . . Part Schematics Acquired . | . . . . . Parts Built . | . . . . . Authchips . | . . . . . Time . | . . . . . Total Part Build Rating . | . . . . . Parts Repaired 2 | . 2 . . . Time 52 | . 52 . . . Parts Recycled . | . . . . . Recycled Matter . | . . . . . Retrieved Matter . | . . . . . Retrieved Components 11 | . 9 . . 2 Parts Scanalyzed . | . . . . . Part Schematics Acquired . | . . . . . Parts Damaged . | . . . . . Bothacking | -11 -10 -10 -10 -9 ------------ Run | Yrd Mat Min Sub Rec Used RIF Installer . | . . . . . Robots Hacked . | . . . . . Non-combat . | . . . . . Combat . | . . . . . Robot Hacks Applied . | . . . . . Relay Couplers Released . | . . . . . Fabnet Peak Effective % . | . . . . . Robots Rewired . | . . . . . Allies Hacked . | . . . . . Hacks Repelled . | . . . . . Allies | -11 -10 -10 -10 -9 -------- Run | Yrd Mat Min Sub Rec Total Allies 3 | . . 3 . . Largest Group 3 | . . 3 3 . Highest-Rated Group 40 | . . 40 40 . Highest-Rated Ally 16 | . . 16 16 . Total Orders . | . . . . . Ally Attacks 25 | . . . 25 . Total Damage 253 | . . . 253 . Kills 6 | . . . 6 . Allies Corrupted . | . . . . . Allies Melted . | . . . . . Intel | -11 -10 -10 -10 -9 ------- Run | Yrd Mat Min Sub Rec Robot Analysis Total 2 | . 1 . . 1 Derelict Logs Recovered 2 | . . 1 1 . Drone Launches . | . . . . . Drone Recoveries . | . . . . . Exploration | -11 -10 -10 -10 -9 ------------- Run | Yrd Mat Min Sub Rec Turns Passed 9681 | 58 1751 2153 4978 741 Spaces Moved 3644 | 32 708 713 1908 283 Core 11 | 10 . 1 . . Treads 3633 | 22 708 712 1908 283 Legs . | . . . . . Wheels . | . . . . . Hover . | . . . . . Flight . | . . . . . Fastest Speed 50 | 50 160 240 240 250 Average Speed 240 | 131 209 240 252 251 Slowest Speed 800 | 160 240 800 260 260 Overloaded Moves . | . . . . . Propulsion Burnouts . | . . . . . Robots Hopped . | . . . . . Cave-ins Triggered . | . . . . . Exploration Rate (%) 70 | 3 93 101 95 62 Regions Visited 4 Branch Regions 3 Pre-discovered Areas 2 | . . 1 1 . Known Exits Taken 3 | . 1 1 1 . Unknown Exits Taken 1 | 1 . . . . Scrap Searched 8 | . . 1 7 . Spaces Dug . | . . . . . Terrain Destroyed 2 | . . . . 2 Melee . | . . . . . Projectile 2 | . . . . 2 AOE . | . . . . . Terrain Rammed . | . . . . . Walls Destroyed . | . . . . . Machines Disabled . | . . . . . Actions | -11 -10 -10 -10 -9 --------- Run | Yrd Mat Min Sub Rec Total 4331 | 46 881 1114 1986 304 Wait 460 | . 90 357 5 8 Move 3640 | 31 707 712 1907 283 Hop . | . . . . . Pick Up 56 | 7 25 5 14 5 Fast Attach . | . . . . . Attach 18 | 7 2 6 2 1 Detach 1 | . . 1 . . Swap 11 | . 3 . 7 1 Drop 20 | . 6 1 11 2 Fire 125 | 1 48 32 40 4 Melee . | . . . . . Ram . | . . . . . Kick . | . . . . . Crush . | . . . . . Escape Stasis . | . . . . . Rewire . | . . . . . Trap . | . . . . . Miscellaneous . | . . . . . Route ------- -11/Scrapyard -10/Materials (discovered 4 exits: *Mat x3 / *Min) -10/Mines (discovered 3 exits: *Mat x2 / *Sub) -10/Subcaves (discovered 3 exits: *Mat x2 / *Rec) -9/Recycling History --------- Turn | Location | Event 7 | -11/Scrapyard | Discovered new exit (range 16) 59 | -11/Scrapyard | Entered Materials 307 | -10/Materials | Build established: Mutant 516 | -10/Materials | Discovered new exit (range 3) 741 | -10/Materials | Identified exit to Mines 955 | -10/Materials | Discovered new exit (range 8) 1054 | -10/Materials | Repaired Assault Rifle 1082 | -10/Materials | Repaired Lgt. Treads 1358 | -10/Materials | Discovered new exit (range 9) 1810 | -10/Materials | Entered Mines 1870 | -10/Mines | Met a Derelict bent on vengeance 2048 | -10/Mines | Lost 3 parts (1p1u1w) 2349 | -10/Mines | Discovered new exit (range 7) 2381 | -10/Mines | Identified exit to Subcaves 3182 | -10/Mines | Discovered new exit (range 6) 3194 | -10/Mines | Identified exit to Materials 3232 | -10/Mines | Discovered exit to Materials (range 10) 3690 | -10/Mines | Assisted by bots powering up and referring to "LRC-V3" 3963 | -10/Mines | Entered Subcaves 3963 | -10/Subcaves | Accompanied by 3 allies 4069 | -10/Subcaves | Discovered new exit (range 16) 4073 | -10/Subcaves | Core integrity fell below 50% 4111 | -10/Subcaves | Identified exit to Recycling 4298 | -10/Subcaves | Visited Clippyterm 5256 | -10/Subcaves | Discovered new exit (range 8) 5276 | -10/Subcaves | Identified exit to Materials 5559 | -10/Subcaves | Shifting Twisted Machinery released Spk. Treads 5662 | -10/Subcaves | Shifting Twisted Machinery released Spk. Treads 6069 | -10/Subcaves | Learned location of Zion (-6) 6069 | -10/Subcaves | Met a Zionite searching for "candidates" 6208 | -10/Subcaves | Learned 2 Materials zone layouts 6334 | -10/Subcaves | Discovered exit to Materials (range 7) 8509 | -10/Subcaves | Core integrity fell below 20% 8941 | -10/Subcaves | Entered Recycling 8958 | -9/Recycling | Found Scrap Engine 9682 | -9/Recycling | Destroyed by H-55 Commando with Gauss Rifle Last Messages --------------- specialized defenses. G-34 Mercenary springs to life. G-34 Mercenary destroyed. U-05 Engineer builds a Door. Acquired 8 matter. Dropped Weight Redist. System. Acquired Lgt. Cannon. R-06 Scavenger collects Aluminum Leg. R-06 Scavenger collects Sml. Laser. Connecting with Terminal... >>Schematic(L-31 Rogue) Downloading schematic... L-31 Rogue Tier: 2 Schematic downloaded. G-34 Mercenary springs to life. B-36 Bruiser springs to life. H-55 Commando springs to life. Slug penetrates R-06 Scavenger. Penetrated by Slug. Map ----- +----------------------------------------------------+ | ????????????????????????????????? | | ???????????????????############## | | ???????????????????# # | | ???????????????????# "" # | | ???????????????????# "T # | | ??????#######??????# "" # | | ??????# #??????# # | | ??????# ######## " """"" + | | ??????# + """"""""" # | | ??????# ######## """ """ # | | ??????# #??????# # | | ??????## ##??????# # | | ???????# #???????# # | | ???????# #???????# # | | ???????# #???????############## | | ???????# #????????????????????# | | ??#????# #??????????########### | | ??# ???# #??????????# + | | ??#%???# #??????????# """ """ # | | ??# %??# #??????????# """ """ # | | ??# !??# #??????????# """ """ + | | ??#!! ?# #??????????# """ """ # | | ??# % ?# #??????????# """ """ # | | ??#g # #??????????# # | | ??#h%g # #??????????# # | | ??# r b@ +??????????#####+##### | | ??# # #??????????????# #???# | | ??# # #??????????????# #???# | | ??####?# #??????????????# #???# | | ???????# #?????????????##+##### | | ???????# #?????????????# = # | | ??????? ?????????????# # | | ??????? #????????????#%![ ! # | | ??????? T #????????????# # | | ??????? #????????????# !# | | ??????# #????????????# !# | | ??????## ##????????????#* # | | ???????? #?????????????# # | | ???????? #?????????????#% # | | ???????? ? #?????????????#% # | | ???????? ????????????????# + | | ?????????????????????????# = # | | ?????????????????????????# ! # | | ?????????????????????????######## | | ????????????????????????????????# | | ?????????????????????????#?????## | | ?????????????????????##### ##### | | ???????????????????? | | ???????????????????? | | ???????????????????? | +----------------------------------------------------+ Best States ------------- Heat Dissipation 25 Energy Generation 15 Energy Capacity 250 Matter Stores 300 Matter Capacity 300 Sight Range 16 Terrain Scan Density 10 Additional Mass Support 6 Evasion (%) 40 Recoil Reduction 2 Item Schematics ----------------- None Robot Schematics ------------------ L-31 Rogue | -9/Recycling | Hacked Fabricated ------------ Nothing Alien Tech Used ----------------- None Achievements -------------- None Challenges ------------ None Game ------ Seed RemoteBoreAutocannon Manual? 0 Play Time 00:34:26 Cumulative 34.1 hours Start 2024.04.25 @ 21:46:05 End 2024.04.25 @ 22:26:58 Sessions 1 Manual Loads 0 Difficulty Rogue Special Mode None Game No. 48 Rogue 47 Adventurer 1 Explorer 0 Win Type - Total 0 Types 0/0/0/0/0/0/0/0/0 Lore% 28 Gallery% 36 Achievement% 28 Wizard Run 0 Options --------- Layout 1 ASCII 0 Keyboard 0 Movement Mouse Keybinds 0 Fullscreen 1 Font 24/Smallcaps Map View 50x40 Zoom Use 0% Tactical HUD 0 Map Filters NONE Filters NONE Steam 1 RUN: 9daa405c-40f9-4d7e-aa8a-d2209f2f87ea